 Dungeon Sprint DCSS version 0.26.1-11-gd32895ea62 (webtiles) character file.

Game seed: 17167153831034190876

2800000 Groucho the Intangible (level 19, -8/174 HPs)
             Began as a Ghoul Warper on July 5, 2021.
             Was an Elder of Makhleb.
             Mangled by a large bag of meat
             ... wielding a +9 giant spiked club
              (29 damage)
             ... in the Dungeon (Sprint VIII: "Arena of Blood").
             The game lasted 00:01:57 (28 turns).

Groucho the Intangible (Ghoul Warper)                 Turns: 28, Time: 00:01:58

Health: -8/174     AC:  6    Str: 17    XL:     19   Next: 30%
Magic:  18/35      EV: 30    Int:  8    God:    Makhleb [****..]
Gold:   0          SH:  0    Dex: 14    Spells: 42/44 levels left

rFire    . . .     SeeInvis .   c - +∞ Axe of Woe
rCold    + . .     Faith    .   (shield currently unavailable)
rNeg     + + +     Spirit   .   b - +0 leather armour
rPois    ∞         Reflect  .   (no helmet)
rElec    .         Harm     .   (no cloak)
rCorr    .         Rampage  .   (no gloves)
Will     +....     NoTele   +   (no boots)
Stlth    +.........             (no amulet)
HPRegen  0.00/turn              (no ring)
MPRegen  0.24/turn              (no ring)

@: no status effects
A: claws 1, cold resistance 1, negative energy resistance 3, inhibited
regeneration, torment resistance, unbreathing
a: Renounce Religion, Minor Destruction, Lesser Servant of Makhleb, Major
Destruction


You were in the Dungeon.
You worshipped Makhleb.
Makhleb was greatly pleased with you.
You visited 1 branch

Inventory:

Hand Weapons
 a - a +0 hand axe
 c - the +∞ Axe of Woe (weapon)
   (You found it in the Dungeon)
Missiles
 e - 5 boomerangs of dispersal (quivered)
Armour
 b - a +0 leather armour (worn)
Scrolls
 d - 2 scrolls of blinking
Potions
 f - a potion of curing
 g - a potion of heal wounds
 h - a potion of haste
 i - 2 potions of magic


   Skills:
 + Level 16.6 Fighting
 O Level 27 Axes
 - Level 0.8 Throwing
 O Level 27 Armour
 O Level 27 Dodging
 + Level 16.4 Unarmed Combat
 + Level 13.3 Spellcasting
 + Level 13.6 Translocations
 + Level 16.4 Invocations


You had 42 spell levels left.
You knew the following spells:

 Your Spells              Type           Power        Failure   Level
a - Blink                 Tloc           N/A          1%          2

Your spell library contained the following spells:

 Spells                   Type           Power        Failure   Level
 Gell's Gravitas          Tloc           13%          1%          3
 Lesser Beckoning         Tloc           13%          1%          3
 Teleport Other           Tloc           27%          1%          3
 Passage of Golubria      Tloc           N/A          1%          4


Dungeon Overview and Level Annotations

Branches:
Dungeon (1/1)

Altars:
Makhleb


Innate Abilities, Weirdness & Mutations

You thrive by killing the living.
You are immune to poison.
You have sharp fingernails.
Your flesh is cold resistant. (rC+)
You are immune to negative energy. (rN+++)
You do not regenerate when monsters are visible.
You are immune to unholy pain and torment.
You can survive without breathing.


Message History

Your Unarmed Combat skill gained 3 levels and is now at level 16!
Your Spellcasting skill gained 2 levels and is now at level 13!
Your Translocations skill gained 2 levels and is now at level 13!
Your Invocations skill gained 3 levels and is now at level 16!
You have reached level 19!
Unknown command.
Memorise Gell's Gravitas, consuming 3 spell levels and leaving 39?
You hear a shout! x7
You start memorising the spell.
You continue memorising.
The bag of meat shouts!
You hear a shout! x6
You continue memorising.
You hear two shouts!
You hear a shout! x3
The destroyer hits you with a +9 vorpal great sword!!!
Your memorisation is interrupted.
The destroyer bites you.
You hear a shout! x9
The large bag of meat hits you with a +9 giant spiked club!!!!
Ouch! That really hurt!
* * * LOW HITPOINT WARNING * * *
The large bag of meat hits you with a +9 giant spiked club!!
You die...
Oo ..... #.. ...# #Oo

...# . .###.o
...###..
......###......
.....o_.....
#..)..# #_O@)_#
#.OV).#
........_......
.......###......
..###.. ...###..
. #.. ...# . #..
...# ... .....
....


You could see a destroyer, 3 large bags of meat, a meat berserker (berserk) and
4 bags of meat.

Vanquished Creatures
  6 ogres (D)
  6 orcs (D)
12 creatures vanquished.

Notes
Turn   | Place    | Note
-------+----------+-------------------------------------------
     0 | D        | Found the +∞ Axe of Woe
     0 | D        | Groucho the Ghoul Warper began the quest for the Orb.
     0 | D        | Reached XP level 1. HP: 17/17 MP: 2/2
     2 | D        | Noticed a bag of meat
     4 | D        | Became a worshipper of Makhleb the Destroyer
     4 | D        | Noticed a bag of meat
     5 | D        | Noticed a meat berserker
     5 | D        | Noticed a bag of meat
     7 | D        | Noticed a bag of meat
     8 | D        | Killed a meat berserker
     8 | D        | Killed a bag of meat
     8 | D        | Reached * piety under Makhleb
     9 | D        | Reached skill level 15 in Armour
     9 | D        | Reached XP level 2. HP: 24/24 MP: 3/3
     9 | D        | Reached XP level 3. HP: 29/29 MP: 4/4
     9 | D        | Reached XP level 4. HP: 36/36 MP: 5/5
     9 | D        | Reached XP level 5. HP: 41/41 MP: 6/6
     9 | D        | Reached XP level 6. HP: 48/48 MP: 7/7
     9 | D        | Reached XP level 7. HP: 55/55 MP: 8/8
     9 | D        | Reached XP level 8. HP: 61/61 MP: 9/9
     9 | D        | Reached XP level 9. HP: 67/67 MP: 10/10
     9 | D        | Reached XP level 10. HP: 73/73 MP: 11/11
     9 | D        | Reached XP level 11. HP: 79/79 MP: 12/12
     9 | D        | Reached XP level 12. HP: 85/85 MP: 13/13
     9 | D        | Reached XP level 13. HP: 91/91 MP: 14/14
     9 | D        | Reached XP level 14. HP: 99/99 MP: 15/15
    12 | D        | Killed a bag of meat
    12 | D        | Killed a bag of meat
    12 | D        | Killed a bag of meat
    12 | D        | Reached ** piety under Makhleb
    12 | D        | Noticed a bag of meat
    13 | D        | Reached XP level 15. HP: 104/104 MP: 16/16
    14 | D        | Noticed a meat berserker
    14 | D        | Noticed a meat berserker
    16 | D        | Noticed a meat berserker
    16 | D        | Learned a level 2 spell: Blink
    16 | D        | Noticed a meat berserker
    18 | D        | Reached XP level 16. HP: 111/111 MP: 17/17
    19 | D        | Killed a meat berserker
    20 | D        | Killed a meat berserker
    20 | D        | Reached *** piety under Makhleb
    20 | D        | Killed a meat berserker
    20 | D        | Noticed a meat berserker
    21 | D        | Reached skill level 27 in Axes
    21 | D        | Reached skill level 27 in Armour
    21 | D        | Reached skill level 27 in Dodging
    21 | D        | Reached skill level 5 in Spellcasting
    21 | D        | Reached XP level 17. HP: 130/130 MP: 17/23
    21 | D        | Reached XP level 18. HP: 137/137 MP: 17/24
    21 | D        | Noticed a large bag of meat
    22 | D        | Killed a meat berserker
    22 | D        | Reached **** piety under Makhleb
    22 | D        | Noticed a large bag of meat
    24 | D        | Noticed a destroyer
    25 | D        | Killed a meat berserker
    26 | D        | Reached XP level 19. HP: 174/174 MP: 17/35
    27 | D        | Noticed a meat berserker
    27 | D        | Noticed a large bag of meat
    28 | D        | Mangled by a large bag of meat

Illustrated notes

Levels and vault maps discovered:
D:        meatsprint

Skill      XL: |  1  2  3  4  5  6  7  8  9 10 11 12 13 14 15 16 17 18 |
---------------+-------------------------------------------------------+-----
Axes           | 20 23 24 27 | 27.0
Armour         | 15 18 27 | 27.0
Dodging        | 20 23 24 27 | 27.0
Fighting       | 6 16 | 16.6
Unarmed Combat | 6 16 | 16.4
Spellcasting   | 5 13 | 13.3
Invocations    | 6 16 | 16.4
Translocations | 13 | 13.6
Throwing       | |  0.8

Action                   |  1- 3 |  4- 6 |  7- 9 | 10-12 | 13-15 | 16-18 | 19-21 || total
-------------------------+-------+-------+-------+-------+-------+-------+-------++-------
Melee: Executioner's axe |     1 |       |       |       |     2 |     4 |       ||     7
Dodge: Dodged            |     1 |       |       |       |     2 |       |       ||     3
